 Dungeon Crawl Stone Soup version 0.26-a0-43-g20b394cb32 (webtiles) character file.

Game seed: 14740938161722302185

4561 Glundar the Cleaver (level 10, -2/90 HPs)
             Began as a Hill Orc Fighter on June 2, 2020.
             Was a Follower of Beogh.
             Killed from afar by a smoke demon (19 damage)
             ... with a ball of steam
             ... on level 1 of the Abyss.
             The game lasted 00:28:46 (9291 turns).

Glundar the Cleaver (Hill Orc Fighter)              Turns: 9291, Time: 00:28:47

Health: -2/90      AC: 17    Str: 23    XL:     10   Next: 40%
Magic:  10/10      EV:  3    Int:  8    God:    Beogh [*.....]
Gold:   243        SH: 17    Dex: 10    Spells: 9/9 levels left

rFire    x . .     SeeInvis .   a - +0 broad axe
rCold    + . .     Gourm    .   c - +1 tower shield
rNeg     . . .     Faith    .   o - +0 plate armour
rPois    .         Spirit   .   H - +1 helmet
rElec    .         Reflect  .   (no cloak)
rCorr    +         Harm     .   I - +0 pair of gloves
MR       .....                  (no boots)
Stlth    ..........             (no amulet)
HPRegen  0.25/turn              y - ring of ice
MPRegen  0.12/turn              A - ring of resist corrosion

@: no status effects
A: no striking features
a: Renounce Religion


You were on level 1 of the Abyss.
You worshipped Beogh.
Beogh was aware of your devotion.
You were near starving.

You visited 1 branch of the dungeon, and saw 8 of its levels.
You visited the Abyss 1 time.

You collected 481 gold pieces.
You spent 238 gold pieces at shops.

Inventory:

Hand Weapons
 a - a +0 broad axe (weapon)
 b - a +0 hunting sling
Missiles
 h - 2 curare-tipped darts
 k - 5 sling bullets
 n - 4 atropa-tipped darts (quivered)
 J - 20 poisoned darts
Armour
 c - a +1 tower shield (worn)
 o - a +0 plate armour (worn)
 H - a +1 helmet (worn)
 I - a +0 pair of gloves (worn)
Jewellery
 y - a ring of ice (left hand)
 A - a ring of resist corrosion (right hand)
Wands
 i - a wand of clouds (5)
 p - a wand of digging (6)
 x - a wand of flame (14)
Scrolls
 d - 2 scrolls of identify
 e - a scroll of magic mapping {unknown}
 g - 2 scrolls of teleportation
 j - 2 scrolls of enchant armour
 l - a scroll of fog {unknown}
 m - 3 scrolls of remove curse
 v - 2 scrolls of random uselessness {unknown}
 w - a scroll of enchant weapon {unknown}
 z - 2 scrolls of amnesia {unknown}
 C - a scroll of fear {unknown}
 G - 2 scrolls of blinking {unknown}
Potions
 q - a potion of magic
 r - 4 potions of curing
 s - a potion of mutation
 t - 2 potions of brilliance
 u - 2 potions of ambrosia
 D - 2 potions of degeneration
 E - a potion of lignification
Comestibles
 f - 17 rations


   Skills:
 + Level 8.9 Fighting
 + Level 9.1 Axes
 + Level 5.8 Slings
 + Level 8.0 Armour
 - Level 0.4 Dodging
 + Level 8.0 Shields


You had 9 spell levels left.
You didn't know any spells.
Your spell library contained the following spells:

 Spells                   Type           Power        Failure   Level  Hunger
 Animate Skeleton         Necr           N/A          100%        1    ##.....
 Apportation              Tloc           #.....       100%        1    ##.....
 Corona                   Hex            #......      100%        1    ##.....
 Summon Small Mammal      Summ           #...         100%        1    ##.....


Dungeon Overview and Level Annotations

Branches:
Dungeon (8/15)             Temple (0/1) D:5
   Lair: D:8-11

Altars:
Cheibriados
Dithmenos
Gozag
Hepliaklqana
Makhleb
Qazlal
Trog
Vehumet
Wu Jian
Xom
Yredelemnul

Shops:
D:5 %*:!

Annotations:
D:2 2 transporters
D:6 Prince Ribbit
D:8 Psyche


Message History

The large abomination completely misses you.
Your shield and plate armour prevent you from hitting the large abomination.
The large abomination is almost destroyed.
You block the large abomination's attack.
You hit the large abomination.
The large abomination is almost destroyed.
You block the large abomination's attack.
You hit the large abomination but do no damage.
The large abomination is almost destroyed.
You block the large abomination's attack. x2
You slash the large abomination!
You destroy the large abomination!
Beogh accepts your kill. The smoke demon gestures at you.
You block the sticky flame.
You hit the smoke demon but do no damage.
The smoke demon is lightly wounded.
The smoke demon gestures at you. The ball of steam hits you!!
The steam scalds you terribly!
You die...

# '.###..#
#.....§ §# #..
...§.#
#######§§#
#....###3######
#. ........
.... ####'#
#....... ♣3♣
.### # ♣♣@♣ #
.# # ♣...♣#..#
.♣♣.♣♣ ..# ♣.♣
#..# . #..#.#
.. .. #.# . ..
... # . ... ...
.#


You could see a smoke demon.

Vanquished Creatures
  Harold (D:7)
  A worldbinder (Abyss:1)
  2 large abominations (Abyss:1)
  Joseph (D:8)
  Grinder (D:6)
  A hippogriff (D:7)
  Sigmund (D:3)
  A chaos spawn (Abyss:1)
  A water moccasin (D:6)
  2 small abominations (Abyss:1)
  A hornet zombie (D:6)
  An ice beast (D:5)
  2 sky beasts
  An ogre (D:6)
  A centaur (D:6)
  Blork the orc (D:6)
  2 bullfrogs
  A scorpion (D:6)
  A howler monkey (D:6)
  A bullfrog zombie (D:5)
  7 crimson imps
  A quasit (Abyss:1)
  3 hounds
  2 jellies
  3 orc wizards
  A centaur skeleton (D:4)
  2 worker ants
  2 hound zombies (D:5)
  A hound skeleton (D:4)
  13 adders
  A white imp (Abyss:1)
  An adder zombie (D:6)
  An adder skeleton (D:4)
  A worm (D:2)
  3 dart slugs
  11 leopard geckos
  19 orcs
  A ball python (D:1)
  7 bats
  3 giant cockroaches
  6 hobgoblins
  9 jackals
  9 kobolds
  2 quokkas
  2 frilled lizards
  8 goblins
  A leopard gecko skeleton (D:6)
  11 rats
155 creatures vanquished.

Vanquished Creatures (others)
  2 orc priests (D:5)
2 creatures vanquished.

Grand Total: 157 creatures vanquished

Notes
Turn   | Place    | Note
-------+----------+-------------------------------------------
     0 | D:1      | Glundar the Hill Orc Fighter began the quest for the Orb.
     0 | D:1      | Reached XP level 1. HP: 19/19 MP: 1/1
   200 | D:1      | Reached XP level 2. HP: 27/27 MP: 2/2
   262 | D:1      | Reached skill level 3 in Axes
   601 | D:1      | Reached XP level 3. HP: 33/33 MP: 3/3
  1104 | D:2      | Found a faded altar of an unknown god.
  1439 | D:2      | Found a snail-covered altar of Cheibriados.
  1440 | D:2      | Found a transporter.
  1442 | D:2      | Noticed a centaur
  1449 | D:2      | Found a transporter.
  1465 | D:2      | Reached XP level 4. HP: 40/40 MP: 4/4
  2183 | D:2      | Found a basalt altar of Yredelemnul.
  2362 | D:3      | Found a radiant altar of Vehumet.
  2364 | D:3      | Noticed Sigmund
  2370 | D:2      | Reached skill level 1 in Slings
  2499 | D:3      | Killed Sigmund
  2499 | D:3      | Reached skill level 5 in Fighting
  2499 | D:3      | Reached skill level 4 in Axes
  2499 | D:3      | Reached XP level 5. HP: 15/48 MP: 5/5
  2499 | D:3      | Reached XP level 6. HP: 17/56 MP: 6/6
  3702 | D:4      | Found a bloodstained altar of Trog.
  3780 | D:4      | Reached XP level 7. HP: 55/61 MP: 7/7
  4186 | D:4      | Reached skill level 5 in Axes
  4198 | D:4      | Found an ornate altar of the Wu Jian Council.
  4289 | D:4      | Found a shadowy altar of Dithmenos.
  4657 | D:5      | Entered Level 5 of the Dungeon
  4657 | D:5      | Found a staircase to the Ecumenical Temple.
  4760 | D:5      | Became a worshipper of Beogh the Brigand
  4764 | D:5      | Reached skill level 5 in Shields
  4817 | D:5      | Found Woix Own's Food Shop.
  4919 | D:5      | Reached skill level 5 in Armour
  5104 | D:5      | Found Obrab's General Store.
  5227 | D:5      | Found Hooty Bikuhy's Distillery.
  5231 | D:5      | Bought a potion of lignification for 42 gold pieces
  5231 | D:5      | Bought a potion of curing for 42 gold pieces
  5231 | D:5      | Bought 2 potions of heal wounds for 140 gold pieces
  5231 | D:5      | Bought a potion of degeneration for 14 gold pieces
  5482 | D:5      | Reached XP level 8. HP: 70/70 MP: 8/8
  5741 | D:5      | Found Xewic's Book Shoppe.
  6167 | D:6      | Reached skill level 6 in Axes
  6385 | D:6      | Reached * piety under Beogh
  6452 | D:6      | Noticed Blork the orc
  6464 | D:6      | Killed Blork the orc
  6576 | D:6      | Found a burning altar of Makhleb.
  6577 | D:6      | Found a hazy altar of Hepliaklqana.
  6577 | D:6      | Found a stormy altar of Qazlal.
  6579 | D:6      | Found an opulent altar of Gozag.
  6643 | D:6      | Noticed Prince Ribbit
  6912 | D:6      | Reached skill level 7 in Axes
  6912 | D:6      | Reached XP level 9. HP: 24/79 MP: 9/9
  7250 | D:6      | Found a shimmering altar of Xom.
  7304 | D:6      | Noticed Grinder
  7322 | D:6      | Paralysed by Grinder for 4 turns
  7328 | D:6      | Killed Grinder
  8109 | D:7      | Noticed Harold
  8140 | D:7      | Killed Harold
  8140 | D:7      | Reached skill level 8 in Axes
  8342 | D:7      | Reached skill level 5 in Slings
  8892 | D:8      | Noticed Joseph
  8904 | D:8      | Killed Joseph
  8904 | D:8      | Reached XP level 10. HP: 77/89 MP: 10/10
  8904 | D:8      | Noticed Psyche
  8913 | D:8      | Paralysed by Psyche for 5 turns
  8922 | D:8      | Cast into level 1 of the Abyss (Psyche)
  9065 | Abyss:1  | Noticed a large abomination
  9066 | Abyss:1  | Noticed a worldbinder
  9068 | Abyss:1  | Noticed an orb spider
  9070 | Abyss:1  | Noticed an orb spider
  9089 | Abyss:1  | Noticed an orb spider
  9094 | Abyss:1  | Killed a worldbinder
  9102 | Abyss:1  | Killed a large abomination
  9102 | Abyss:1  | Reached skill level 9 in Axes
  9210 | Abyss:1  | Noticed a thrashing horror
  9265 | Abyss:1  | Noticed a smoke demon
  9291 | Abyss:1  | Killed from afar by a smoke demon

Illustrated notes

Levels and vault maps discovered:
D:1:      dpeg_arrival_triangle_fractal, layout_basic, minmay_misc_feat_rugged
D:2:      wander_river, layout_basic, gammafunk_temple_overflow_arena,
          chequers_ecumenical_altar_simple_redux, yredelemnul_altar_generic
D:3:      layout_basic, fiery_altar_vehumet, first_ration, uniq_sigmund
D:4:      layout_gridville, kennysheep_little_box, kennysheep_mini, bloody_trog
D:5:      layout_loops_ring, minmay_temple_entry_statues_fountains,
          serial_shops, shop, shop, nicolae_shop_statue_plus,
          nicolae_shop_crystal
D:6:      layout_basic, chequers_temple_overflow_statue_of_worship,
          old_standard_altar, uniq_prince_ribbit1, uniq_grinder,
          uniq_blork_the_orc
D:7:      layout_rooms, uniq_harold
D:8:      layout_rooms, erik_lair_island, uniq_psyche, uniq_joseph, uniq_maurice
Abyss:1:  base: D:4, evilmike_abyss_exit_15

Skill      XL: |  1  2  3  4  5  6  7  8  9 10 |
---------------+-------------------------------+-----
Fighting       | 4 5 6 7 8 |  8.9
Axes           | 3 4 5 7 8 9 |  9.1
Slings         | 1 2 3 4 5 |  5.8
Armour         | 4 5 6 7 8 |  8.0
Shields        | 4 5 6 7 8 |  8.0
Dodging        | |  0.4

Action                   |  1- 3 |  4- 6 |  7- 9 | 10-12 || total
-------------------------+-------+-------+-------+-------++-------
Melee: War axe           |   121 |   101 |   316 |       ||   538
       Broad axe         |       |       |    44 |    81 ||   125
 Fire: Hunting sling     |    17 |    79 |   109 |       ||   205
Throw: Dart              |       |    10 |     6 |       ||    16
Invok: Convert to Beogh  |       |       |     1 |       ||     1
Evoke: Wand              |       |       |       |     3 ||     3
  Use: Potion            |       |     4 |     2 |     2 ||     8
       Scroll            |       |       |     8 |       ||     8
  Eat: Chunk             |     2 |     7 |    10 |       ||    19
       Ration            |       |       |     2 |       ||     2
Armor: Scale mail        |    54 |    70 |    18 |       ||   142
       Plate armour      |       |       |   154 |    48 ||   202
Dodge: Dodged            |    51 |    42 |    40 |    10 ||   143
Block: Kite shield       |    73 |    46 |       |       ||   119
       Tower shield      |       |    52 |   307 |   102 ||   461

Table legend:
 A = Non-vault XP
 B = Vault XP
 C = Vault XP percentage of total XP
 D = Non-vault monster count
 E = Vault monster count
 F = Vault count percentage of total count
                 A         B        C        D         E       F
            +---------+---------+-------+---------+---------+-------
      Total |    4424 |    2092 |  32.1 |     151 |       5 |   3.2
            +---------+---------+-------+---------+---------+-------
        D:1 |      38 |       0 |   0.0 |      18 |       0 |   0.0
        D:2 |     123 |       0 |   0.0 |      38 |       0 |   0.0
        D:3 |     145 |     227 |  61.0 |      20 |       1 |   4.8
        D:4 |     248 |       0 |   0.0 |      19 |       0 |   0.0
        D:5 |     626 |       0 |   0.0 |      21 |       0 |   0.0
        D:6 |     975 |     371 |  27.6 |      16 |       2 |  11.1
        D:7 |     507 |    1023 |  66.9 |      10 |       1 |   9.1
        D:8 |      96 |     471 |  83.1 |       1 |       1 |  50.0
    Abyss:1 |    1666 |       0 |   0.0 |       8 |       0 |   0.0
            +---------+---------+-------+---------+---------+-------
